 Dungeon Crawl Stone Soup version 0.29-a0-822-ga620ab95ad (webtiles) character file.

Game seed: 7262449051331753314

149755 Morbidden the Brawler (level 16, -5/152 HPs)
             Began as a Troll Transmuter on July 8, 2022.
             Was the Champion of Cheibriados.
             Slain by a black mamba (7 damage)
             ... led by a naga ritualist
             ... on level 4 of the Snake Pit.
             The game lasted 00:57:12 (30780 turns).

Morbidden the Brawler (Troll Transmuter)           Turns: 30780, Time: 00:57:13

Health: -5/152     AC: 16    Str: 37    XL:     16   Next: 97%
Magic:  11/26      EV: 14    Int: 28    God:    Cheibriados [******]
Gold:   2933       SH:  0    Dex: 25    Spells: 2/30 levels left

rFire   . . .      SeeInvis .     - Unarmed
rCold   . . .      Faith    .   (no shield)
rNeg    . . .      Spirit   .   Z - +1 robe of Vines {NoPotionHeal Regen++++}
rPois   .          Reflect  .   (helmet restricted)
rElec   .          Harm     .   G - +2 cloak {rCorr}
rCorr   +          Rampage  .   (gloves unavailable)
Will    +....                   (boots unavailable)
Stlth   +++.......              T - amulet of regeneration
HPRegen 5.15/turn               o - +4 ring of protection
MPRegen 0.20/turn               r - +4 ring of protection

@: lethally poisoned (-5 -> -7), about to teleport, very slightly contaminated,
slowed, constricted, very slow
A: large, unfitting armour, claws 3, regeneration 1, shaggy fur 1, tough skin 1,
dopey 1
a: Renounce Religion, Bend Time, Temporal Distortion, Slouch, Step From Time


You were on level 4 of the Snake Pit.
You worshipped Cheibriados.
Cheibriados was exalted by your worship.
You visited 5 branches of the dungeon, and saw 28 of its levels.
You also visited: Sewer, Gauntlet and Ice Cave.

You collected 3053 gold pieces.
You spent 120 gold pieces at shops.

Inventory:

Missiles
 b - 6 silver boomerangs
 z - 41 poisoned darts
 D - 5 javelins
 O - 2 curare-tipped darts
 R - 34 large rocks
 W - 18 boomerangs (quivered)
 X - 2 throwing nets
Armour
 G - a +2 cloak of preservation (worn)
 Z - the +1 robe of Vines (worn) {NoPotionHeal Regen++++}
   (You found it on level 4 of the Lair of Beasts)

   Its wearer cannot be healed by potions.
   Regen:     It increases your rate of health regeneration.
Jewellery
 a - the ring of Hiwy {rPois MP+9 Int+4 Dex+4 Stlth-}
   (You found it in a Gauntlet)

   [ring of magical power]

   Int:       It affects your intelligence (+4).
   Dex:       It affects your dexterity (+4).
   rPois:     It protects you from poison.
   MP:        It affects your magic capacity (+9).
   Stlth:     It makes you less stealthy.
 l - an amulet of reflection
 m - a ring of protection from fire
 o - a +4 ring of protection (left claw)
 q - a ring of see invisible
 r - a +4 ring of protection (right claw)
 I - a ring of ice
 P - a ring of magical power
 T - an amulet of regeneration (around neck)
Wands
 g - a wand of quicksilver (8)
 k - a wand of iceblast (17)
 v - a wand of flame (59)
 H - a wand of digging (3)
 Y - a wand of mindburst (8)
Scrolls
 c - 12 scrolls of identify
 h - a scroll of brand weapon
 i - 6 scrolls of enchant weapon
 j - 4 scrolls of enchant armour
 s - 10 scrolls of teleportation
 t - 5 scrolls of magic mapping
 u - 4 scrolls of blinking
 y - 5 scrolls of poison
 J - a scroll of fear
 N - 3 scrolls of fog
 U - 2 scrolls of silence
Potions
 d - 7 potions of flight
 e - 2 potions of magic
 n - 5 potions of haste
 p - 6 potions of brilliance
 w - 5 potions of heal wounds
 x - 11 potions of curing
 A - 2 potions of mutation
 B - 7 potions of berserk rage
 C - 5 potions of cancellation
 E - 3 potions of might
 F - 3 potions of ambrosia
 L - 3 potions of resistance
 M - a potion of invisibility
Miscellaneous
 f - a condenser vane (inert)
 K - a tin of tremorstones (inert)
 S - a box of beasts (inert)
 V - a phantom mirror (inert)


   Skills:
 * Level 8.0 Fighting
 + Level 0.7 Throwing
 * Level 9.4 Dodging
 + Level 3.0 Stealth
 + Level 2.3 Shields
 * Level 15.3 Unarmed Combat
 * Level 7.8 Spellcasting
 * Level 3.2 Conjurations
 * Level 7.3 Transmutations
 + Level 5.9 Ice Magic
 * Level 3.8 Earth Magic
 + Level 6.0 Poison Magic
 * Level 7.9 Invocations
 * Level 7.1 Evocations


You had 2 spell levels left.
You knew the following spells:

 Your Spells              Type           Power      Damage    Failure   Level
a - Blade Hands           Tmut           25%        N/A       7%          5
b - Spider Form           Tmut/Pois      48%        N/A       1%          3
c - Ice Form              Ice/Tmut       48%        N/A       3%          4
d - Irradiate             Conj/Tmut      20%        3d20      16%         5
e - Statue Form           Tmut/Erth      28%        N/A       58%         6
x - Beastly Appendage     Tmut           100%       N/A       1%          1
z - Olgreb's Toxic Radia  Pois           44%        N/A       4%          4

Your spell library contained the following spells:

 Spells                   Type           Power      Damage    Failure   Level
 Magic Dart               Conj           100%       1d8       1%          1
 Sting                    Tmut/Pois      100%       1d8       1%          1
 Searing Ray              Conj           58%        2d6       1%          2
 Wereblood                Tmut           51%        N/A       1%          2
 Poisonous Vapours        Pois/Air       54%        N/A       2%          2
 Apportation              Tloc           20%        N/A       4%          1
 Necrotise                Necr           40%        1d6       4%          1
 Summon Small Mammal      Summ           40%        N/A       4%          1
 Blink                    Tloc           20%        N/A       8%          2
 Scorch                   Fire           20%        2d6       8%          2
 Sublimation of Blood     Necr           10%        N/A       8%          2
 Petrify                  Tmut/Erth      42%        N/A       4%          4
 Call Canine Familiar     Summ           10%        N/A       16%         3
 Lesser Beckoning         Tloc           10%        N/A       16%         3
 Portal Projectile        Hex/Tloc       20%        N/A       16%         3
 Summon Guardian Golem    Hex/Summ       10%        N/A       16%         3
 Leda's Liquefaction      Hex/Erth       10%        N/A       22%         4
 Flame Wave               Conj/Fire      20%        2d7       26%         4
 Fulminant Prism          Conj/Hex       10%        3d9       26%         4
 Metabolic Englaciation   Hex/Ice        13%        N/A       38%         5
 Manifold Assault         Tloc           10%        N/A       80%         5
 Iron Shot                Conj/Erth      15%        9d4       87%         6
 Dragon Form              Tmut           25%        N/A       91%         7
 Ozocubu's Refrigeration  Ice            22%        4d9       98%         7
 Dispersal                Tloc           5%         N/A       100%        6
 Summon Cactus Giant      Summ           5%         N/A       100%        6
 Disjunction              Tloc           5%         N/A       100%        8
 Ignition                 Fire           5%         3d4       100%        8


Dungeon Overview and Level Annotations

Branches:
Dungeon (15/15)            Temple (1/1) D:7            Lair (6/6) D:11
 Shoals (0/4) Lair:3        Snake (4/4) Lair:4        Slime (0/5) Lair:6
    Orc (2/2) D:11            Elf (0/3) Orc:2        Vaults (0/5) D:13
 Depths (0/4) D:15          Sewer (visited)           IceCv (visited)
Gauntlet (visited)

Altars:
Ashenzari
Cheibriados
Dithmenos
Elyvilon
Fedhas
Gozag
Hepliaklqana
Kikubaaqudgha
Makhleb
Okawaru
Qazlal
Sif Muna
Trog
Uskayaw
Vehumet
Wu Jian
Yredelemnul
The Shining One
Jiyva

Shops:
D:7 *   D:12 !   D:13 (   Orc:2 *([!

Annotations:
D:10 2 transporters
Lair:4 exclusion: 2 oklob plants
Lair:6 exclusion: obsidian statue
Snake:4 2 runed translucent doors, crawlogic's ghost, adept MiBe


Innate Abilities, Weirdness & Mutations

You are too large for most types of armour.
You have claws for hands.
Your natural rate of healing is unusually fast.
You are covered in fur. (AC +1)
You have tough skin. (AC +1)
You are dopey. (Int -2)


Message History

The naga warrior resists with almost no effort.
The naga mage looks frightened!
You feel extremely sick.
The guardian serpent hits you but does no damage.
The naga warrior barely misses you. The naga mage loses its grip on you.
The guardian serpent casts a spell at you.
The naga mage blinks!
The naga blinks!
The nagaraja blinks!
The naga warrior roars a battlecry!
The nagas go into a battle-frenzy!
Your body shudders with the violent release of wild energies!
You feel less contaminated with magical energies.
Unknown command.
Unknown command.
Unknown command.
Unknown command.
As you read the scroll of teleportation, it crumbles to dust.
You feel strangely unstable.
You feel extremely sick. The black mamba closely misses you.
The nagaraja spits poison at you. The splash of poison hits you!
You are more poisoned.
* * * LOW HITPOINT WARNING * * *
The guardian serpent casts a spell at you.
The salamander mystic blinks!
The naga sharpshooter blinks!
The naga mage misses you. The naga mage completely misses you.
The naga warrior barely misses you. The naga warrior grabs you.
The naga warrior constricts you.
* * * LOW HITPOINT WARNING * * *
The black mamba closely misses you. The nagaraja hits you with a +0 spear!
* * * LOW HITPOINT WARNING * * *
The guardian serpent hits you but does no damage.
The naga hits you with a +0 halberd!
* * * LOW HITPOINT WARNING * * *
The naga mage hits you with a +0 halberd!
* * * LOW HITPOINT WARNING * * *
The naga warrior barely misses you. The naga warrior constricts you.
* * * LOW HITPOINT WARNING * * *
The black mamba bites you!
You die...

#......# ########
####......#####......###
......................#
. #.....................
..#........)............
........................
##.§.§..######......##
#..NNN.# ########
#..N@N.# #..SSN.#
#.....§# #N.....#
......... ..........#
...........#
............


You could see a nagaraja (fast, strong, catching breath), a naga warrior (fast,
misshapen), a naga sharpshooter (strong, curare, catching breath, misshapen), a
salamander mystic (strong, misshapen), a guardian serpent, a black mamba, 2 naga
magi and a naga (strong, misshapen).

Vanquished Creatures
  Kirke (Snake:1)
  3 nagarajas
  4 dire elephants
  A minotaur (Gauntlet)
  A salamander tyrant (Snake:3)
  3 boulder beetles
  2 catoblepae
  9 hydras
  Erica (D:10)
  8 centaur warriors
  6 naga warriors
  A death scarab (Gauntlet)
  10 anacondas
  3 two-headed ogres
  A death yak (Lair:6)
  8 naga sharpshooters
  6 tengu warriors
  3 orc high priests (Orc:2)
  A hell knight (D:15)
  5 shock serpents
  A sixfirhy (Gauntlet)
  A fire crab (shapeshifter) (Gauntlet)
  2 salamander mystics
  A spectral death yak (Lair:6)
  A spectral anaconda (Lair:6)
  A bog body (IceCv)
  4 naga ritualists
  A sea snake (shapeshifter) (D:15)
  A wizard (D:11)
  A deep elf archer (D:13)
  8 orc knights
  A lindwurm (shapeshifter) (Gauntlet)
  6 necromancers
  3 deep elf pyromancers
  2 deep elf zephyrmancers (D:13)
  3 manticores
  4 orc sorcerers (Orc:2)
  A shining eye (shapeshifter) (Gauntlet)
  6 mana vipers
  8 cyclopes
  10 salamanders
  9 ugly things
  Maurice (D:8)
  36 black mambas
  2 guardian serpents
  23 elephants
  2 ice statues (IceCv)
  6 naga magi
  A dire elephant zombie (Lair:6)
  A torpor snail (Lair:6)
  3 gargoyles
  10 cane toads
  An unseen horror (D:9)
  A rime drake (Lair:1)
  11 komodo dragons
  3 yaktaurs (D:13)
  4 ice devils (IceCv)
  3 entropy weaver simulacra (IceCv)
  2 tengu conjurers
  An efreet (D:14)
  3 kobold demonologists
  An anaconda simulacrum (IceCv)
  9 trolls
  A meliai (shapeshifter) (D:14)
  3 polar bears
  10 blink frogs (Lair:6)
  2 spectral elephants (Lair:6)
  A slime creature (D:8)
  A spectral black mamba (Gauntlet)
  A wraith (D:12)
  A shadow (D:10)
  Sigmund (D:3)
  A vampire (D:12)
  A spriggan (shapeshifter) (D:14)
  3 water elementals (D:15)
  9 humans (D:7)
  67 yaks
  4 wyverns
  Eustachio (D:6)
  5 dire elephant simulacra (IceCv)
  2 death yak simulacra (Lair:6)
  2 steam dragons
  3 basilisks
  6 hogs (Snake:1)
  Menkaure (D:5)
  A harpy simulacrum (IceCv)
  26 nagas
  4 wargs
  15 water moccasins
  An acid dragon (D:11)
  28 orc warriors
  2 black bears (Lair:4)
  2 elephant zombies (Lair:6)
  A boggart (D:13)
  16 ogres
  6 centaurs
  14 wolves
  A phantom (D:4)
  3 kobold brigands
  2 necrophages
  14 bullfrogs
  3 scorpions
  A gnoll sergeant (D:12)
  14 wights
  An elephant simulacrum (Lair:6)
  11 killer bees (D:9)
  8 electric eels
  4 howler monkeys
  4 hounds
  24 orc priests
  4 jellies
  A gnoll bouda (D:7)
  8 iguanas
  Ijyb (D:3)
  Natasha (thrice) (D:4)
  19 orc wizards
  A polar bear simulacrum (IceCv)
  A wolf simulacrum (IceCv)
  Robin (D:3)
  15 gnolls
  11 adders
  2 naga simulacra (IceCv)
  4 white imps
  2 ufetubi (Gauntlet)
  3 dart slugs
  60 orcs
  3 ball pythons
  7 bats
  8 endoplasms
  7 giant cockroaches
  18 goblins
  6 hobgoblins
  13 jackals
  5 quokkas
  A frilled lizard (D:3)
  13 kobolds
  6 rats
831 creatures vanquished.

Vanquished Creatures (collateral kills)
  Aizul (Snake:4)
1 creature vanquished.

Vanquished Creatures (others)
  11 fungi
  52 plants
  17 withered plants
80 creatures vanquished.

Grand Total: 912 creatures vanquished

Notes
Turn   | Place    | Note
-------+----------+-------------------------------------------
     0 | D:1      | Morbidden the Troll Transmuter began the quest for the Orb.
     0 | D:1      | Reached XP level 1. HP: 18/18 MP: 1/1
   102 | D:1      | Found a faded altar of an unknown god.
   131 | D:1      | Reached XP level 2. HP: 26/26 MP: 2/2
   459 | D:1      | Reached skill level 1 in Fighting
   870 | D:2      | Reached XP level 3. HP: 33/33 MP: 4/4
  1138 | D:2      | Learned a level 1 spell: Sting
  1544 | D:3      | Reached skill level 4 in Unarmed Combat
  1628 | D:3      | Noticed Robin
  1632 | D:3      | Reached XP level 4. HP: 37/41 MP: 5/5
  1672 | D:3      | Killed Robin
  1815 | D:3      | Noticed Sigmund
  1833 | D:3      | Killed Sigmund
  1834 | D:3      | Reached skill level 1 in Poison Magic
  1834 | D:3      | Reached XP level 5. HP: 49/49 MP: 3/6
  1834 | D:3      | Reached XP level 6. HP: 57/57 MP: 3/7
  1918 | D:3      | Noticed Ijyb
  1933 | D:3      | Killed Ijyb
  2564 | D:3      | Learned a level 4 spell: Ice Form
  2662 | D:4      | Reached skill level 5 in Unarmed Combat
  2883 | D:4      | Noticed Natasha
  2889 | D:4      | Killed Natasha
  3000 | D:4      | Reached XP level 7. HP: 60/65 MP: 2/9
  3414 | D:4      | You fall into a shaft and drop 3 floors!
  3435 | D:7      | Found the +6 shillelagh "Devastator" {shatter}
  3446 | D:7      | Noticed a human
  3450 | D:7      | Noticed a human
  3454 | D:7      | Noticed a human
  3456 | D:7      | Noticed a human
  3508 | D:6      | Found a hazy altar of Hepliaklqana.
  3549 | D:6      | Noticed Eustachio
  3569 | D:6      | Reached skill level 1 in Ice Magic
  3657 | D:6      | Found a glowing drain.
  3712 | D:6      | Killed Eustachio
  3713 | D:6      | Reached XP level 8. HP: 64/74 MP: 1/11
  3719 | Sewer    | Entered a sewer
  3868 | Sewer    | Reached skill level 1 in Shields
  3980 | D:5      | Entered Level 5 of the Dungeon
  4178 | D:4      | Noticed Natasha
  4190 | D:4      | Killed Natasha
  4265 | D:4      | Found a shadowy altar of Dithmenos.
  4382 | D:4      | Noticed Natasha
  4394 | D:4      | Killed Natasha
  4559 | D:5      | Found a blossoming altar of Fedhas.
  4620 | D:5      | Noticed Menkaure
  4630 | D:5      | Killed Menkaure
  4631 | D:5      | Reached skill level 6 in Unarmed Combat
  5494 | D:5      | Reached XP level 9. HP: 52/80 MP: 9/13
  6001 | D:6      | Found a hide-covered altar of Uskayaw.
  6777 | D:7      | Reached skill level 1 in Evocations
  6947 | D:7      | Found Jeloody's General Store.
  6993 | D:7      | Learned a level 3 spell: Spider Form
  7020 | D:7      | Found a staircase to the Ecumenical Temple.
  7086 | Temple   | Entered the Ecumenical Temple
  7177 | Temple   | Became a worshipper of Cheibriados the Contemplative
  7296 | D:7      | Reached skill level 1 in Stealth
  7296 | D:7      | Reached skill level 7 in Unarmed Combat
  7321 | D:7      | Reached skill level 1 in Invocations
  7391 | D:7      | Reached XP level 10. HP: 83/91 MP: 10/15
  7399 | D:7      | Reached * piety under Cheibriados
  7447 | D:7      | Learned a level 4 spell: Olgreb's Toxic Radiance
  7734 | D:7      | Bought a potion of berserk rage for 60 gold pieces
  7734 | D:7      | Bought a potion of berserk rage for 60 gold pieces
  7932 | D:8      | Reached skill level 5 in Dodging
  7938 | D:7      | Reached ** piety under Cheibriados
  7976 | D:8      | Found the +7 Throatcutter {drain, coup de grace}
  8000 | D:8      | Reached skill level 8 in Unarmed Combat
  8046 | D:8      | Noticed a gargoyle
  8141 | D:8      | Killed a gargoyle
  8434 | D:8      | Noticed Maurice
  8448 | D:8      | Killed Maurice
  8532 | D:8      | Noticed a tengu warrior
  8542 | D:8      | Killed a tengu warrior
  8544 | D:8      | Noticed a centaur warrior
  8776 | D:8      | Noticed a centaur warrior
  8776 | D:8      | Noticed a brown ugly thing
  8786 | D:8      | Reached XP level 11. HP: 74/100 MP: 13/16
  8792 | D:8      | Killed a centaur warrior
  8793 | D:8      | Reached skill level 9 in Unarmed Combat
  8801 | D:8      | Killed a centaur warrior
  8807 | D:8      | Noticed a deep elf pyromancer
  8816 | D:8      | Killed a deep elf pyromancer
  8816 | D:8      | Reached *** piety under Cheibriados
  8934 | D:8      | Noticed a boulder beetle
  8944 | D:8      | Killed a boulder beetle
  8982 | D:8      | Killed a brown ugly thing
  9009 | D:8      | Identified the ring "Hiaf" {rC+ rN+ Str+2 Dex-5}
  9894 | D:9      | Reached **** piety under Cheibriados
  9989 | D:9      | Reached skill level 10 in Unarmed Combat
 10337 | D:10     | Entered Level 10 of the Dungeon
 10468 | D:10     | Found a basalt altar of Yredelemnul.
 10531 | D:10     | Found a white marble altar of Elyvilon.
 10677 | D:10     | Noticed a two-headed ogre
 10686 | D:10     | Killed a two-headed ogre
 10961 | D:10     | Noticed Erica
 10977 | D:10     | Killed Erica
 11051 | D:10     | Found an opulent altar of Gozag.
 11152 | D:10     | Found a transporter.
 11161 | D:10     | Found a transporter.
 11162 | D:10     | Found a viscous altar of Jiyva.
 11316 | D:11     | Noticed a wizard
 11326 | D:11     | Killed a wizard
 11327 | D:11     | Reached XP level 12. HP: 106/109 MP: 15/18
 11454 | D:11     | Noticed a two-headed ogre
 11463 | D:11     | Killed a two-headed ogre
 11555 | D:11     | Noticed a boulder beetle
 11565 | D:11     | Killed a boulder beetle
 11755 | D:11     | Found a staircase to the Lair.
 11776 | D:11     | Reached ***** piety under Cheibriados
 11782 | D:11     | Reached skill level 5 in Fighting
 11782 | D:11     | Reached skill level 5 in Spellcasting
 12002 | D:11     | Found a staircase to the Orcish Mines.
 12203 | Lair:1   | Entered Level 1 of the Lair of Beasts
 12336 | Lair:1   | Reached skill level 5 in Transmutations
 12532 | Lair:1   | Noticed a seven-headed hydra
 12537 | Lair:1   | Killed a seven-headed hydra
 12632 | Lair:1   | Reached skill level 11 in Unarmed Combat
 12667 | Lair:1   | Noticed a dire elephant
 12684 | Lair:1   | Killed a dire elephant
 12932 | Lair:1   | Identified the +1 ring mail of Contentment {Regen+ Str+6}
 13819 | Lair:2   | Noticed a catoblepas
 13849 | Lair:2   | Killed a catoblepas
 14025 | Lair:2   | Noticed a seven-headed hydra
 14033 | Lair:2   | Killed a seven-headed hydra
 14034 | Lair:2   | Reached XP level 13. HP: 106/119 MP: 12/20
 14208 | Lair:2   | Reached skill level 5 in Invocations
 15569 | Lair:3   | Reached ****** piety under Cheibriados
 15688 | Lair:3   | Found a staircase to the Shoals.
 16424 | Lair:4   | Reached skill level 5 in Evocations
 16463 | Lair:4   | Found a staircase to the Snake Pit.
 16545 | Lair:4   | Reached skill level 5 in Ice Magic
 16569 | Lair:4   | Reached skill level 5 in Poison Magic
 16601 | Lair:4   | Identified the +1 flail "Concordance" {vamp, rElec rN+
                  | MP+9}
 16628 | Lair:4   | Reached skill level 12 in Unarmed Combat
 16990 | Lair:4   | Found the +1 robe of Vines {NoPotionHeal Regen++++}
 17249 | Snake:1  | Entered Level 1 of the Snake Pit
 17351 | Lair:5   | Learned a level 5 spell: Blade Hands
 18060 | Lair:6   | Entered Level 6 of the Lair of Beasts
 18411 | Lair:6   | Reached XP level 14. HP: 130/130 MP: 18/22
 18885 | Lair:6   | Found a viscous altar of Jiyva.
 18886 | Lair:6   | Found a staircase to the Slime Pits.
 19313 | Lair:6   | Reached skill level 13 in Unarmed Combat
 19994 | D:12     | Identified the +3 leather armour of Olylut {Dex+3}
 20336 | D:12     | Found Joblis's Distillery.
 20687 | D:13     | Found Puutt's Weapon Boutique.
 20763 | D:13     | Found a frozen archway.
 20773 | IceCv    | Entered an ice cave
 21401 | D:13     | Reached XP level 15. HP: 75/139 MP: 10/24
 21577 | D:13     | Found a gate to the Vaults.
 22148 | D:14     | Found a gate leading to a gauntlet.
 22155 | Gauntlet | Entered a Gauntlet
 22155 | Gauntlet | Found a transporter.
 22165 | Gauntlet | Found a transporter.
 22176 | Gauntlet | Found a transporter.
 22179 | Gauntlet | Found a transporter.
 22192 | Gauntlet | Found a transporter.
 22207 | Gauntlet | Found a transporter.
 22218 | Gauntlet | Found a transporter.
 22226 | Gauntlet | Found a runed translucent door.
 22229 | Gauntlet | Found a transporter.
 22243 | Gauntlet | Found a transporter.
 22258 | Gauntlet | Found a transporter.
 22259 | Gauntlet | Found a transporter.
 22296 | Gauntlet | Found a runed translucent door.
 22301 | Gauntlet | Found a transporter.
 22315 | Gauntlet | Found a transporter.
 22330 | Gauntlet | Found a transporter.
 22512 | Gauntlet | Identified the ring of Hiwy {rPois MP+9 Int+4 Dex+4 Stlth-}
 22612 | Gauntlet | Got the Grimoire of Earth and Maleficent Secrets
 23035 | D:14     | Found a hide-covered altar of Uskayaw.
 23070 | D:14     | Learned a level 5 spell: Irradiate
 23576 | D:15     | Entered Level 15 of the Dungeon
 23667 | D:15     | Identified a scroll of acquirement
 23667 | D:15     | Acquired a book of Sloth
 23679 | D:15     | Learned a level 6 spell: Statue Form
 24046 | D:15     | Found a shimmering blue altar of Sif Muna.
 24153 | D:15     | Reached skill level 1 in Earth Magic
 24253 | D:15     | Reached skill level 14 in Unarmed Combat
 24357 | D:15     | Found a staircase to the Depths.
 24506 | D:15     | Reached skill level 1 in Conjurations
 24832 | Orc:1    | Entered Level 1 of the Orcish Mines
 24962 | Orc:2    | Entered Level 2 of the Orcish Mines
 24978 | Orc:2    | Paralysed by an orc sorcerer for 4 turns
 25012 | Orc:2    | Found a staircase to the Elven Halls.
 25628 | Orc:2    | Gained mutation: You are dopey. (Int -2) [a neqoxec]
 25655 | Orc:2    | Found Estryn's General Store.
 25655 | Orc:2    | Found Vyfuija's Distillery.
 25657 | Orc:2    | Found Xolemnin's Antique Weapon Shoppe.
 25657 | Orc:2    | Found Zioc Wig's Antique Armour Boutique.
 26949 | Snake:1  | Reached XP level 16. HP: 149/149 MP: 26/26
 27086 | Snake:1  | Noticed Kirke
 27157 | Snake:1  | Killed Kirke
 29025 | Snake:3  | Reached skill level 15 in Unarmed Combat
 30021 | Snake:4  | Entered Level 4 of the Snake Pit
 30222 | Snake:4  | Noticed Aizul
 30237 | Snake:4  | HP: 3/150 [Aizul/poison arrow (18)]
 30242 | Snake:4  | Killed Aizul
 30478 | Snake:4  | Found a large runed translucent door.
 30479 | Snake:4  | Found a large runed translucent door.
 30490 | Snake:4  | Noticed crawlogic's ghost (adept MiBe)
 30780 | Snake:4  | HP: 5/152 [naga mage/+0 halberd (7)]
 30780 | Snake:4  | HP: 2/152 [constriction (3)]
 30780 | Snake:4  | Slain by a black mamba

Illustrated notes

Levels and vault maps discovered:
D:1:      tarquinn_simple_flora_water_e, layout_basic,
          shapermc_ecumenical_altar_flowoftime, chequers_serial_rivers_small_3,
          serial_bayou_pond_d, minmay_misc_feat_more_columns
D:2:      wad_river_or_something, layout_basic, serial_bayou_pond_a
D:3:      layout_rooms, uniq_robin, uniq_sigmund, uniq_ijyb
D:4:      layout_gridville, grunt_dithmenos_smoke_and_mirrors, uniq_natasha
D:5:      layout_rooms, mainiacjoe_overflow_paths, uniq_menkaure
D:6:      layout_layer_cave, mainiacjoe_overflow_catch_the_wave,
          gup_sewer_entry_glass, st_stairs_5, minmay_statues_item,
          uniq_eustachio
D:7:      erik_cavepeople, layout_rooms, temple_fountains, serial_shops,
          nicolae_inconvenience_store
D:8:      minmay_blocky_corners, layout_basic, uniq_maurice
D:9:      layout_basic
D:10:     gammafunk_jiyva_shrine, layout_irregular_city, kennysheep_ying_yang,
          nicolae_overflow_hidden_temple, uniq_erica
D:11:     layout_loops_ring, erik_lair_orcish_takeover, orc_0_dummy
D:12:     layout_loops_ring, serial_shops, shop
D:13:     layout_roguey, hangedman_vaults_entry_quadrant_bands, serial_shops,
          shop, portal_ice_cave_entry_pillars_2, nrook_guardian_serpent_double
D:14:     layout_basic, gauntlet_entry_generic, lemuel_crystal_altar
D:15:     hangedman_depths_entry_civil_slaughter, layout_basic,
          lemuel_tele_altar
Temple:   bh_familiar_temple
Lair:1:   layout_layer_cave, nicolae_lair_grazing_beasts
          [nicolae_sub_lair_graze_edge, nicolae_sub_lair_graze_edge,
          nicolae_sub_lair_graze_edge, nicolae_sub_lair_graze_edge],
          infiniplex_staircase_pool, grunt_megastairs_4
Lair:2:   layout_gridlike
Lair:3:   layout_cave_shapes, minmay_shoals_entry_centaurs, lemuel_old_faithful
Lair:4:   layout_regular_city, guppyfry_snake_entry_island,
          hellmonk_guarded_unrand_vines, wad_woods_river_01
Lair:5:   layout_gridlike
Lair:6:   due_jungle_book, layout_cave_pods, dpeg_slime_entry_enclosed,
          grunt_megastairs_3
Snake:1:  layout_honeycomb, grunt_ministairs_3, serial_bayou_shore_a, uniq_kirke
Snake:2:  layout_cave_shapes
Snake:3:  layout_grid_maze
Snake:4:  minmay_snake_end_coiled, layout_cave_town,
          ebering_ghost_disaster_area, uniq_aizul
Orc:1:    layout_caves
Orc:2:    grunt_orc_tribal_feast, layout_caves, basic_altar

Skill      XL: |  1  2  3  4  5  6  7  8  9 10 11 12 13 14 15 16 |
---------------+-------------------------------------------------+-----
Fighting       | 1 2 3 4 5 6 7 8 |  8.0
Unarmed Combat | 4 5 6 7 8 10 11 12 13 14 15 | 15.3
Dodging        | 2 3 4 5 6 7 8 9 |  9.4
Transmutations | 2 3 4 5 6 7 |  7.3
Poison Magic   | 1 2 3 4 5 6 |  6.0
Spellcasting   | 2 3 4 5 6 7 |  7.8
Ice Magic      | 1 2 3 4 5 |  5.9
Shields        | 1 2 |  2.3
Evocations     | 2 3 4 5 6 7 |  7.1
Stealth        | 1 2 3 |  3.0
Invocations    | 1 3 4 5 6 7 |  7.9
Earth Magic    | 2 3 |  3.8
Conjurations   | 1 3 |  3.2
Throwing       | |  0.7

Action                   |  1- 3 |  4- 6 |  7- 9 | 10-12 | 13-15 | 16-18 || total
-------------------------+-------+-------+-------+-------+-------+-------++-------
Melee: Unarmed           |    93 |   115 |   282 |   627 |   980 |   323 ||  2420
       Headbutt          |     1 |     5 |    13 |       |       |       ||    19
       Punch             |     1 |     4 |     6 |    22 |    82 |    40 ||   155
       Kick              |       |     8 |    25 |       |       |       ||    33
Throw: Dart              |       |       |       |    11 |       |       ||    11
       Large rock        |       |       |       |     2 |       |       ||     2
       Boomerang         |       |       |       |       |     7 |     6 ||    13
 Cast: Beastly Appendage |     2 |     9 |    19 |       |       |       ||    30
       Sting             |     6 |    48 |    88 |     3 |       |       ||   145
       Spider Form       |       |       |     5 |    36 |     7 |       ||    48
       Olgreb's Toxic Ra |       |       |       |    22 |    73 |     6 ||   101
       Ice Form          |       |       |       |     2 |     8 |     2 ||    12
       Blade Hands       |       |       |       |       |    31 |    26 ||    57
       Irradiate         |       |       |       |       |       |     2 ||     2
Invok: Slouch            |       |       |       |       |     2 |       ||     2
 Abil: End Transformatio |       |       |       |       |       |     1 ||     1
Evoke: Wand              |       |       |       |       |     1 |       ||     1
       Tin of tremorston |       |       |       |       |     2 |     2 ||     4
       Box of beasts     |       |       |       |       |     1 |     1 ||     2
       Condenser vane    |       |       |       |       |     1 |     1 ||     2
       Phantom mirror    |       |       |       |       |       |     1 ||     1
  Use: Potion            |       |     1 |       |       |       |     1 ||     2
       Scroll            |       |       |     8 |     3 |    20 |     4 ||    35
 Stab: Sleeping          |     1 |       |       |     2 |    19 |     7 ||    29
       Distracted        |       |       |       |       |     3 |       ||     3
       Confused          |       |       |       |       |     5 |       ||     5
Armor: Robe              |    34 |    47 |   142 |    26 |   392 |   128 ||   769
       Skin              |       |     8 |     8 |    61 |    56 |     1 ||   134
       Steam dragon scal |       |       |       |    52 |    55 |       ||   107
Dodge: Dodged            |    41 |    56 |   192 |   386 |   930 |   343 ||  1948
Block: Other             |     2 |    19 |    76 |   105 |       |       ||   202
       Reflection        |       |       |       |     4 |       |       ||     4

Table legend: (Time is in decaauts)
 A = Elapsed time spent in this place.
 B = Non-inter-level travel time spent in this place.
 C = Inter-level travel time spent in this place.
 D = Time resting spent in this place.
 E = Time spent auto-exploring this place.
 F = Levels seen in this place.
 G = Mean time per level.
                   A        B        C        D        E       F      G
               +--------+--------+--------+--------+--------+-----+--------+
         Total |  44683 |  41692 |   2991 |   1610 |  32787 |  31 | 1441.4 |
       Dungeon |  21329 |  19630 |   1699 |    867 |  15215 |  15 | 1421.9 |
        Temple |    128 |     73 |     55 |      0 |     65 |   1 |  128.0 |
          Lair |  12003 |  11201 |    802 |    294 |   9389 |   6 | 2000.5 |
     Snake Pit |   7276 |   7011 |    265 |    385 |   5326 |   4 | 1819.0 |
  Orcish Mines |   2135 |   1967 |    168 |      0 |   1636 |   2 | 1067.5 |
         Sewer |    208 |    208 |      0 |      0 |    135 |   1 |  208.0 |
      Ice Cave |    740 |    740 |      0 |     16 |    497 |   1 |  740.0 |
      Gauntlet |    862 |    862 |      0 |     47 |    522 |   1 |  862.0 |
               +--------+--------+--------+--------+--------+-----+--------+

Top non-repeatable levels by time:
  Lair:6: 2733 daAuts
  Lair:1: 2608 daAuts
 Snake:3: 2438 daAuts
 Snake:1: 2274 daAuts
     D:9: 2120 daAuts
    D:15: 2020 daAuts
  Lair:4: 1868 daAuts
    D:14: 1852 daAuts
  Lair:3: 1677 daAuts
  Lair:2: 1663 daAuts
    D:13: 1614 daAuts
    D:10: 1614 daAuts
    D:11: 1610 daAuts
     D:6: 1554 daAuts
  Lair:5: 1451 daAuts
